 Dungeon Crawl Stone Soup version 0.26.1-11-gd32895ea62 (webtiles) character file.

Game seed: 12338209888865073936

150290 phalm the Thaumaturge (level 16, -5/120 HPs)
             Began as a Demonspawn Conjurer on June 14, 2021.
             Was a High Priest of Vehumet.
             Slain by Polyphemus (25 damage)
             ... on level 3 of the Shoals.
             The game lasted 01:58:51 (44235 turns).

phalm the Thaumaturge (Demonspawn Conjurer)        Turns: 44235, Time: 01:58:51

Health: -5/120     AC: 16    Str:  9    XL:     16   Next: 98%
Magic:  0/34       EV: 16    Int: 31    God:    Vehumet [*****.]
Gold:   1786       SH: 13    Dex: 12    Spells: 4/43 levels left

rFire    + . .     SeeInvis .   a - staff of fire
rCold    + . .     Faith    .   o - +0 buckler
rNeg     + + .     Spirit   +   t - +2 robe {rN+}
rPois    +         Reflect  .   (helmet unavailable)
rElec    +         Harm     .   y - +0 cloak {Will+}
rCorr    .         Rampage  .   B - +1 pair of gloves "Uple" {+Blink}
Will     +++..                  (no boots)
Stlth    ++........             S - brooch of Shielding {Spirit SH+8}
HPRegen  0.30/turn              P - ring of poison resistance
MPRegen  0.24/turn              Q - ring "Runaxt Koaca" {rElec rN+ Will+ Int+6}

@: sanguine armour
A: horns 3, cold resistance 1, spiny 2, freezing cloud immunity, sanguine armour
2
a: Renounce Religion, Evoke Blink


You were on level 3 of the Shoals.
You worshipped Vehumet.
Vehumet was extremely pleased with you.
You visited 5 branches of the dungeon, and saw 27 of its levels.
You also visited: Trove, Ossuary and Gauntlet.

You collected 2938 gold pieces.
You spent 1152 gold pieces at shops.


Innate Abilities, Weirdness & Mutations

You have a pair of large horns on your head.
Your flesh is cold resistant. (rC+)
You are mostly covered in sharp spines.
You are immune to freezing clouds.
When seriously injured, your bleeding wounds create thick armour. (AC +9)


   Skills:
 + Level 9.0 Fighting
 + Level 3.2 Staves
 - Level 5.0 Armour
 + Level 8.6 Dodging
 - Level 1.7 Stealth
 + Level 4.5 Shields
 * Level 14.4 Spellcasting
 - Level 12.0 Conjurations
 - Level 6.0 Hexes
 - Level 7.0 Translocations
 - Level 7.0 Fire Magic
 * Level 9.7 Ice Magic
 - Level 8.0 Air Magic
 - Level 6.0 Poison Magic
 + Level 4.3 Evocations


You had 4 spell levels left.
You knew the following spells:

 Your Spells              Type           Power        Failure   Level
b - Fireball              Conj/Fire      44%          1%          5
c - Freezing Cloud        Conj/Ice/Air   35%          1%          6
f - Fulminant Prism       Conj/Hex       33%          1%          4
l - Lightning Bolt        Conj/Air       35%          1%          5
o - Olgreb's Toxic Radia  Pois           56%          1%          4
s - Searing Ray           Conj           100%         0%          2
z - Ozocubu's Refrigerat  Ice            35%          1%          6
X - Iskenderun's Mystic   Conj/Tloc      69%          1%          4
Y - Ignite Poison         Fire/Tmut/Pois 65%          1%          3

Your spell library contained the following spells:

 Spells                   Type           Power        Failure   Level
 Starburst                Conj/Fire      44%          1%          6
 Magic Dart               Conj           100%         0%          1
 Animate Skeleton         Necr           44%          1%          1
 Apportation              Tloc           100%         1%          1
 Corona                   Hex            62%          1%          1
 Foxfire                  Conj/Fire      100%         1%          1
 Freeze                   Ice            100%         1%          1
 Pain                     Necr           88%          1%          1
 Sandblast                Erth           44%          1%          1
 Shock                    Conj/Air       100%         1%          1
 Sting                    Tmut/Pois      100%         1%          1
 Summon Small Mammal      Summ           88%          1%          1
 Corpse Rot               Necr/Air       N/A          1%          2
 Ensorcelled Hibernation  Hex/Ice        100%         1%          2
 Slow                     Hex            56%          1%          2
 Swiftness                Air            64%          1%          2
 Confusing Touch          Hex            56%          1%          3
 Conjure Flame            Conj/Fire      89%          1%          3
 Dazzling Flash           Conj/Hex       100%         1%          3
 Gell's Gravitas          Tloc           30%          1%          3
 Inner Flame              Hex/Fire       76%          1%          3
 Lesser Beckoning         Tloc           30%          1%          3
 Mephitic Cloud           Conj/Pois/Air  66%          1%          3
 Ozocubu's Armour         Ice            70%          1%          3
 Portal Projectile        Hex/Tloc       100%         1%          3
 Spider Form              Tmut/Pois      20%          1%          3
 Static Discharge         Conj/Air       71%          1%          3
 Stone Arrow              Conj/Erth      100%         1%          3
 Teleport Other           Tloc           60%          1%          3
 Tukima's Dance           Hex            56%          1%          3
 Airstrike                Air            32%          1%          4
 Cause Fear               Hex            28%          1%          4
 Hailstorm                Conj/Ice       74%          1%          4
 Sticky Flame             Conj/Fire      89%          1%          4
 Ice Form                 Ice/Tmut       51%          2%          4
 Summon Ice Beast         Ice/Summ       51%          2%          4
 Call Imp                 Summ           22%          3%          2
 Passwall                 Tmut/Erth      18%          3%          2
 Sublimation of Blood     Necr           11%          3%          2
 Vampiric Draining        Necr           11%          6%          3
 Leda's Liquefaction      Hex/Erth       20%          6%          4
 Animate Dead             Necr           11%          21%         4
 Dispel Undead            Necr           22%          21%         4
 Petrify                  Tmut/Erth      22%          21%         4
 Bolt of Magma            Conj/Fire/Erth 37%          1%          5
 Irradiate                Conj/Tmut      28%          1%          5
 Iskenderun's Battlesphe  Conj           77%          1%          5
 Conjure Ball Lightning   Conj/Air       35%          1%          6
 Metabolic Englaciation   Hex/Ice        31%          2%          5
 Silence                  Hex/Air        30%          3%          5
 Orb of Destruction       Conj           38%          3%          7
 Yara's Violent Unravell  Hex/Tmut       20%          4%          5
 Iron Shot                Conj/Erth      28%          7%          6
 Lee's Rapid Deconstruct  Erth           11%          16%         5
 Alistair's Intoxication  Tmut/Pois      26%          17%         5
 Dispersal                Tloc           30%          19%         6
 Eringya's Noxious Bog    Tmut/Pois      20%          24%         6
 Invisibility             Hex            56%          26%         6
 Spellforged Servitor     Conj/Summ      28%          36%         7
 Simulacrum               Ice/Necr       25%          41%         6
 Chain Lightning          Conj/Air       35%          47%         8
 Agony                    Necr           22%          50%         5
 Borgnjor's Vile Clutch   Necr/Erth      11%          50%         5
 Excruciating Wounds      Necr           11%          50%         5
 Death Channel            Necr           11%          97%         6
 Discord                  Hex            28%          100%        8
 Disjunction              Tloc           30%          100%        8
 Infestation              Necr           11%          100%        8

Inventory:

Missiles
 r - 50 boomerangs
 w - 11 atropa-tipped darts
 x - 53 silver javelins
 C - 3 curare-tipped darts {=f}
 F - 4 silver boomerangs
 K - 7 throwing nets {=f!f}
Armour
 o - a +0 buckler (worn)
   (You took it off a gnoll sergeant on level 8 of the Dungeon)
 t - a +2 robe of positive energy (worn)
   (You took it off Erolcha on level 9 of the Dungeon)
 y - a +0 cloak of willpower (worn)
   (You found it in a Gauntlet)
 B - the +1 pair of gloves "Uple" (worn) {+Blink}
   (You found it in a Gauntlet)

   It lets you blink.
 D - a +1 kite shield of reflection
   (You found it on level 1 of the Shoals)
Magical Staves
 a - an uncursed staff of fire (weapon)
   (You found it on level 15 of the Dungeon)
Jewellery
 L - an uncursed ring of flight
   (You found it on level 7 of the Dungeon)
 P - a ring of poison resistance (left hand)
   (You found it on level 11 of the Dungeon)
 Q - the ring "Runaxt Koaca" (right hand) {rElec rN+ Will+ Int+6}
   (You bought it in a shop on level 2 of the Orcish Mines)

   [ring of intelligence]

   It affects your intelligence (+6).
   It insulates you from electricity.
   It protects you from negative energy.
   It affects your willpower, your defense against some magical effects.
 S - the brooch of Shielding (around neck) {Spirit SH+8}
   (You found it on level 10 of the Dungeon)

   [amulet of guardian spirit]

   It causes incoming damage to be split between your health and magic.
   It affects your SH (+8).
Wands
 k - a wand of polymorph (19)
   (You took it off Ijyb on level 3 of the Dungeon)
 q - a wand of digging (16)
   (You found it on level 1 of the Lair of Beasts)
 u - a wand of flame (27) (quivered)
   (You took it off Robin on level 3 of the Dungeon)
 E - a wand of iceblast (7)
   (You found it on level 2 of the Shoals)
 W - a wand of enslavement (7)
   (You found it on level 10 of the Dungeon)
 X - a wand of paralysis (4)
   (You found it on level 1 of the Lair of Beasts)
Scrolls
 e - 4 scrolls of fog
 f - a scroll of amnesia
 h - 8 scrolls of teleportation {@r4}
 j - 3 scrolls of blinking {!r}
 l - 5 scrolls of remove curse {@r2}
 p - a scroll of magic mapping {!r}
 G - 2 scrolls of fear
 M - 4 scrolls of immolation {!r!r}
 V - 3 scrolls of silence {!r}
Potions
 b - 2 potions of berserk rage {!q}
 c - 5 potions of might
 d - 2 potions of cancellation
 g - 11 potions of curing {@q1}
 i - 6 potions of heal wounds {@q2}
 m - 10 potions of brilliance
 n - 4 potions of ambrosia
 s - 8 potions of lignification {!q}
 v - 7 potions of resistance
 z - 5 potions of attraction {!q}
 J - a potion of magic
 N - 7 potions of haste {@q3}
 T - 2 potions of flight
 Y - 2 potions of invisibility {unknown}
Miscellaneous
 A - a lightning rod (4/4)
   (You found it in a Gauntlet)
 U - a phial of floods
   (You found it on level 10 of the Dungeon)
 Z - a box of beasts
   (You found it on level 1 of the Lair of Beasts)

Dungeon Overview and Level Annotations

Branches:
Dungeon (15/15)            Temple (1/1) D:6            Lair (6/6) D:8
 Shoals (3/4) Lair:3        Snake (0/4) Lair:3        Slime (0/5) Lair:5
    Orc (2/2) D:11            Elf (0/3) Orc:2        Vaults (0/5) D:13
 Depths (0/5) D:15        Ossuary (visited)         Gauntlet (visited)

Altars:
Ashenzari
Cheibriados
Dithmenos
Elyvilon
Fedhas
Gozag
Hepliaklqana
Kikubaaqudgha
Makhleb
Nemelex Xobeh
Okawaru
Qazlal
Ru
Sif Muna
Trog
Uskayaw
Vehumet
Wu Jian
Xom
Yredelemnul
Zin
The Shining One
Beogh

Shops:
D:14 [   Orc:1 ?   Orc:2 =:[*   Shoals:2 *

Annotations:
D:6 3 runed translucent doors, Duder's ghost, novice MiBe
Shoals:3 Polyphemus

....... #............. .....).
#######....≈.≈≈. #.≈≈.#####.##
#P.≈...≈≈. #..≈†...P≈..#
##.≈≈≈≈.≈≈≈
#.≈≈≈.≈P≈≈..###..PP≈..≈≈≈
.##.≈≈≈P≈≈P(P.##..(.≈≈..≈≈≈
....≈≈≈≈P≈..>......≈≈≈≈≈≈≈≈
...P.≈≈≈≈P≈.....(..≈≈≈≈≈≈≈.
(......P##P..≈≈.@.)≈≈≈≈≈≈≈.
≈......##.PPP.≈C.))≈≈≈≈≈≈≈≈≈≈≈
≈≈........P....##).≈≈≈≈≈≈≈≈≈≈≈
≈≈≈≈≈.........##...≈≈≈≈≈≈≈≈≈≈≈#
≈≈≈≈≈.......)((...≈≈≈≈≈≈≈≈≈≈≈≈###
≈≈≈≈≈...P.≈.##.≈≈≈≈≈≈≈≈≈#≈≈≈≈≈≈≈≈
≈≈≈≈.#.≈)≈≈.##.≈≈≈≈≈≈≈≈≈≈#≈≈≈≈≈≈≈
≈≈≈..##.≈≈≈...P≈≈≈≈≈≈≈≈≈≈≈≈≈≈≈.≈≈
≈≈≈...)..≈≈≈≈.≈≈≈≈≈≈≈≈≈≈≈≈≈≈≈≈≈≈≈


You could see Polyphemus.


Message History

You feel a surge of power!
You ignite the poison in your surroundings!
Polyphemus seems to burn from within!!!
Polyphemus is poisoned. 😕 HP[+1] MP[-3]
You lost 3 mp, and now have 9/34 mp.
Casting: Ignite Poison (safe; 1% risk of failure)
Confirm with . or Enter, or press ? or * to list all spells.
You erupt in a blast of force!
The mystic blast hits the plant!!
The plant begins to die.
The mystic blast hits the plant!!
The plant begins to die.
The mystic blast hits the plant!!
The plant begins to die.
The mystic blast hits the plant!!
The plant begins to die.
The mystic blast hits the plant!!
The plant begins to die.
The mystic blast hits the plant!
The plant begins to die.
The mystic blast hits Polyphemus!
The mystic blast hits the plant!
The plant begins to die.
Polyphemus is struck by your spines.
Polyphemus hits you! x2 😕 HP[-16] MP[-4]
You take 16 damage, and now have 97/120 hp.
You lost 4 mp, and now have 5/34 mp.
Casting: Iskenderun's Mystic Blast (safe; 1% risk of failure)
Confirm with . or Enter, or press ? or * to list all spells.
You don't have enough magic to cast that spell.
Casting: Iskenderun's Mystic Blast (safe; 1% risk of failure)
Confirm with . or Enter, or press ? or * to list all spells.
Your toxic radiance grows in intensity.
Polyphemus looks even sicker.
Polyphemus is struck by your spines. Polyphemus hits you!!
Your blood congeals into armour.
You block Polyphemus's attack. 😮 HP[-19] MP[-4]
You take 19 damage, and now have 78/120 hp.
You lost 4 mp, and now have 1/34 mp.
You hit Polyphemus.
You headbutt Polyphemus, but do no damage.
Polyphemus hits you but does no damage. Polyphemus completely misses you.
Aiming: Paralyse
Press: ? - help, Shift-Dir - straight line, f - Polyphemus
Aim: Polyphemus, quivering 9 large rocks (severely wounded, very poisoned, chance to affect: 25%) Polyphemus resists with almost no effort.
Polyphemus looks even sicker.
Your toxic aura wanes.
A nearby plant withers and dies. x4; Polyphemus closely misses you.
You block Polyphemus's attack. 😮 HP[+1]
You hit Polyphemus but do no damage.
A nearby plant withers and dies. x3
You block Polyphemus's attack. Polyphemus closely misses you.
You hit Polyphemus but do no damage. Polyphemus hits you!!!
* * * LOW HITPOINT WARNING * * *
You block Polyphemus's attack. 😨 HP[-38]
You take 38 damage, and now have 41/120 hp.
MASSIVE DAMAGE!! (PAUSE)
You hit Polyphemus but do no damage. Polyphemus is struck by your spines.
Polyphemus hits you but does no damage. x2 😨 HP[+1]
You hit Polyphemus but do no damage. You burn Polyphemus!
Polyphemus closely misses you. Polyphemus hits you.
* * * LOW HITPOINT WARNING * * *
😨 HP[-2]
You take 2 damage, and now have 40/120 hp.
You hit Polyphemus but do no damage. You headbutt Polyphemus!
You block Polyphemus's attack. Polyphemus barely misses you. 😨 MP[+1]
You hit Polyphemus but do no damage. Your headbutt misses Polyphemus.
Polyphemus hits you!
* * * LOW HITPOINT WARNING * * *
Polyphemus hits you but does no damage. 😨 HP[-9]
You take 9 damage, and now have 31/120 hp.
You hit Polyphemus but do no damage. You burn Polyphemus!
You block Polyphemus's attack. Polyphemus closely misses you.
You hit Polyphemus but do no damage. Polyphemus hits you!
* * * LOW HITPOINT WARNING * * *
You block Polyphemus's attack. 😱 HP[-16] MP[-1]
You take 16 damage, and now have 15/120 hp.
You lost 1 mp, and now have 1/34 mp.
You feel much better. You block Polyphemus's attack. Polyphemus hits you!!
* * * LOW HITPOINT WARNING * * *
😱 HP[-2]
You take 2 damage, and now have 13/120 hp.
You feel much better. You block Polyphemus's attack.
Polyphemus closely misses you. 😨 HP[+25]
You regained 25 hp, and now have 38/120 hp.
You hit Polyphemus but do no damage. You burn Polyphemus. Polyphemus hits you!
* * * LOW HITPOINT WARNING * * *
Polyphemus hits you.
* * * LOW HITPOINT WARNING * * *
😱 HP[-22]
You take 22 damage, and now have 16/120 hp.
You feel much better.
Polyphemus looks more healthy.
Polyphemus is struck by your spines. Polyphemus barely misses you.
Polyphemus hits you!
* * * LOW HITPOINT WARNING * * *
😨 HP[+16]
You regained 16 hp, and now have 32/120 hp.
You hit Polyphemus but do no damage. You burn Polyphemus! Polyphemus hits you!
* * * LOW HITPOINT WARNING * * *
You block Polyphemus's attack. Polyphemus is struck by your spines.
Polyphemus hits you!!
You die...

Skill      XL: |  1  2  3  4  5  6  7  8  9 10 11 12 13 14 15 16 |
---------------+-------------------------------------------------+-----
Spellcasting   | 3 4 5 6 7 9 10 11 12 13 14 | 14.4
Conjurations   | 5 6 7 8 9 10 11 12 | 12.0
Hexes          | 1 3 4 5 6 |  6.0
Translocations | 1 2 4 6 7 |  7.0
Fire Magic     | 2 4 6 7 |  7.0
Dodging        | 2 3 4 5 6 7 8 |  8.6
Armour         | 2 3 4 5 |  5.0
Fighting       | 2 3 4 5 6 7 9 |  9.0
Shields        | 1 3 4 |  4.5
Air Magic      | 3 5 7 8 |  8.0
Ice Magic      | 3 5 8 9 |  9.7
Poison Magic   | 4 6 |  6.0
Evocations     | 1 4 |  4.3
Staves         | 3 |  3.2
Stealth        | |  1.7

Action                   |  1- 3 |  4- 6 |  7- 9 | 10-12 | 13-15 | 16-18 || total
-------------------------+-------+-------+-------+-------+-------+-------++-------
Melee: Unarmed           |    10 |       |       |       |       |       ||    10
       Quarterstaff      |       |       |     3 |       |       |       ||     3
       Dagger            |       |       |     1 |       |       |       ||     1
       Hand axe          |       |       |     9 |    38 |   233 |    22 ||   302
       Headbutt          |       |       |     2 |     5 |    34 |    15 ||    56
       Staff             |       |       |       |       |       |    40 ||    40
Throw: Dart              |       |       |       |       |    10 |       ||    10
 Cast: Magic Dart        |    35 |    49 |    87 |   147 |   203 |     9 ||   530
       Searing Ray       |     2 |    22 |    66 |   114 |   167 |    10 ||   381
       Iskenderun's Myst |       |       |     1 |    23 |    27 |     4 ||    55
       Fulminant Prism   |       |       |       |    21 |       |       ||    21
       Fireball          |       |       |       |    17 |    13 |     6 ||    36
       Lightning Bolt    |       |       |       |       |    12 |       ||    12
       Freezing Cloud    |       |       |       |       |    69 |     1 ||    70
       Olgreb's Toxic Ra |       |       |       |       |    36 |   113 ||   149
       Ozocubu's Refrige |       |       |       |       |    77 |    34 ||   111
       Ignite Poison     |       |       |       |       |       |    59 ||    59
 Abil: Evoke Flight      |       |       |       |     2 |       |       ||     2
       Stop Flying       |       |       |       |     1 |       |       ||     1
Evoke: Wand              |       |       |       |     5 |    27 |    46 ||    78
       Box of beasts     |       |       |       |       |     1 |       ||     1
       Phial of floods   |       |       |       |       |     1 |       ||     1
       Lightning rod     |       |       |       |       |     2 |     5 ||     7
  Use: Scroll            |       |     5 |    12 |     5 |     8 |     6 ||    36
       Potion            |       |       |       |     1 |       |     3 ||     4
 Stab: Sleeping          |       |       |     1 |       |       |       ||     1
       Paralysed         |       |       |       |       |     5 |     4 ||     9
       Petrified         |       |       |       |       |       |     7 ||     7
Armor: Robe              |     4 |     2 |     6 |    60 |    70 |    14 ||   156
Dodge: Dodged            |    11 |     5 |    32 |   148 |   197 |    85 ||   478
Block: Buckler           |       |       |       |    34 |   281 |    84 ||   399

Levels and vault maps discovered:
D:1:      minmay_arrival_split_and_join, layout_basic,
          chequers_serial_rivers_room_a
D:2:      layout_loops_ring, led_sif_pool, gammafunk_temple_overflow_claw
D:3:      layout_loops_corners, serial_undead, serial_undead_a, serial_undead_a,
          serial_undead_e, serial_undead_e, serial_undead_e, uniq_robin,
          uniq_ijyb
D:4:      layout_loops_cross, lemuel_coloured_pillars_altar, enter_ossuary_2,
          uniq_crazy_yiuf_cottage
D:5:      layout_loops_ring, nicolae_gozag_seed_capital
D:6:      layout_gridville, minmay_temple_entry_butterflies,
          gammafunk_ghost_split
D:7:      layout_loops_ring, grunt_ministairs_13, nicolae_tso_besieged_by_evil
D:8:      minmay_goldmine, layout_basic, trog_ov_bears_minmay,
          dancing_weapons_uskayaw, minmay_lair_entry_grove
D:9:      layout_basic, overflow_temple_1_default, minivault_16, uniq_erolcha
D:10:     layout_gridville, minmay_lindwurm_lava
D:11:     layout_roguey, david_orc_4
D:12:     layout_cave_pools, nicolae_trove_entry_path_of_doom, uniq_nergalle
D:13:     layout_cave_pools, grunt_vaults_entry_tiered
D:14:     minmay_roctagon, layout_basic, serial_shops, shop, enter_bailey_2,
          gauntlet_entry_generic, hangedman_decor_lopped
D:15:     hangedman_depths_entry_civil_slaughter, layout_stronghold,
          serial_rivers, chequers_serial_rivers_micro_e,
          chequers_serial_rivers_small_b, chequers_serial_rivers_micro_b,
          chequers_serial_rivers_micro_b, hangedman_abyss_or_decor_lesser_grid,
          minmay_pinched_square
Temple:   eino_temple_water
Lair:1:   wad_woods_minihive, layout_small_grid, special_room,
          dpeg_stationary_puzzle
Lair:2:   layout_big_grid, basic_altar, serial_bayou_pond_e
Lair:3:   minmay_lair_oklob_tunnel, layout_regular_city,
          elwin_shoals_entry_stream, minmay_snake_entry_guardpost_small
Lair:4:   layout_misc_corridors, uniq_nessos
Lair:5:   layout_cave_pods, minmay_slime_entry_pillars, basic_altar,
          grunt_megastairs_2, serial_bayou_shore_a, lemuel_fruit_tree
Lair:6:   cheibrodos_lair_end_hotspot, layout_cave_shapes, lemuel_old_faithful
Shoals:1: layout_shoals, argonaut_gorgonesque, uniq_kirke
Shoals:2: layout_shoals, serial_shops, shop, uniq_louise, uniq_ilsuiw
Shoals:3: layout_shoals, uniq_polyphemus
Orc:1:    layout_caves, ebering_ghost_xom, serial_shops, nicolae_shop_stone,
          uniq_erica, uniq_urug
Orc:2:    st_orc_ogre_mass, layout_diamond_mine, basic_altar

Notes
Turn   | Place    | Note
-------+----------+-------------------------------------------
     0 | D:1      | phalm the Demonspawn Conjurer began the quest for the Orb.
     0 | D:1      | Reached XP level 1. HP: 13/13 MP: 3/3
     0 | D:1      | magus.rc [v1.9.10]
   307 | D:1      | Gained mutation: You are partially covered in sharp spines.
                  | [demonic ancestry]
   307 | D:1      | Reached XP level 2. HP: 15/19 MP: 0/5
   310 | D:1      | Learned a level 2 spell: Searing Ray
  1370 | D:2      | Found a blossoming altar of Fedhas.
  1370 | D:2      | Found a glowing golden altar of the Shining One.
  1370 | D:2      | Found a sacrificial altar of Ru.
  1497 | D:2      | Reached skill level 3 in Spellcasting
  1497 | D:2      | Gained mutation: Your flesh is cold resistant. (rC+)
                  | [demonic ancestry]
  1497 | D:2      | Reached XP level 3. HP: 24/24 MP: 2/7
  1735 | D:2      | Noticed an ice beast
  1748 | D:2      | Killed an ice beast
  1749 | D:2      | Reached skill level 4 in Spellcasting
  1749 | D:2      | Reached XP level 4. HP: 16/30 MP: 0/10
  2019 | D:2      | Found a shimmering blue altar of Sif Muna.
  2214 | D:3      | Learned a level 4 spell: Fulminant Prism
  2219 | D:3      | Learned a level 4 spell: Iskenderun's Mystic Blast
  2228 | D:3      | Reached XP level 5. HP: 35/35 MP: 4/11
  2409 | D:3      | Reached skill level 5 in Conjurations
  2470 | D:3      | Noticed Ijyb
  2476 | D:3      | Killed Ijyb
  2918 | D:3      | Noticed Robin
  2922 | D:3      | Killed Robin
  3239 | D:3      | Gained mutation: You have a pair of small horns on your
                  | head. [demonic ancestry]
  3239 | D:3      | Reached XP level 6. HP: 41/41 MP: 4/13
  3736 | D:4      | Found a white marble altar of Elyvilon.
  3778 | D:4      | Found a sand-covered staircase.
  3783 | Ossuary  | Entered an ossuary
  3790 | Ossuary  | Reached skill level 5 in Spellcasting
  3843 | Ossuary  | Reached skill level 1 in Hexes
  3846 | Ossuary  | Reached skill level 1 in Translocations
  4065 | Ossuary  | Reached XP level 7. HP: 40/46 MP: 5/15
  4285 | Ossuary  | Reached skill level 2 in Hexes
  4581 | D:4      | Reached skill level 2 in Translocations
  4677 | D:4      | Found a runed translucent door.
  4678 | D:4      | Noticed Crazy Yiuf
  5123 | D:4      | Killed Crazy Yiuf
  5258 | D:5      | Entered Level 5 of the Dungeon
  5287 | D:5      | Reached skill level 6 in Spellcasting
  5519 | D:5      | Reached skill level 6 in Conjurations
  5559 | D:5      | Reached skill level 3 in Hexes
  5559 | D:5      | Gained mutation: You have a pair of horns on your head.
                  | [demonic ancestry]
  5559 | D:5      | Reached XP level 8. HP: 50/52 MP: 4/17
  5791 | D:5      | Found an opulent altar of Gozag.
  5804 | D:5      | Reached skill level 3 in Translocations
  6235 | D:6      | Found a runed translucent gate.
  6235 | D:6      | Found a runed translucent gate.
  6236 | D:6      | Found a runed translucent gate.
  6237 | D:6      | Noticed Duder's ghost (novice MiBe)
  6350 | D:6      | Reached skill level 7 in Spellcasting
  6642 | D:6      | Reached skill level 4 in Hexes
  6715 | D:6      | Found a staircase to the Ecumenical Temple.
  6728 | Temple   | Entered the Ecumenical Temple
  6964 | Temple   | Became a worshipper of Vehumet
  7036 | D:6      | You pick up a book of Flames and begin reading...
  7036 | D:6      | You add the spells Foxfire, Conjure Flame, Inner Flame,
                  | Sticky Flame and Fireball to your library.
  7070 | D:6      | Noticed a hornet
  7077 | D:6      | Killed a hornet
  7078 | D:6      | Reached skill level 4 in Translocations
  7081 | D:6      | Gained mutation: You have a pair of large horns on your
                  | head. [demonic ancestry]
  7081 | D:6      | Reached XP level 9. HP: 31/57 MP: 6/20
  7264 | D:6      | You pick up a book of Maledictions and begin reading...
  7264 | D:6      | You add the spells Corona, Ensorcelled Hibernation,
                  | Confusing Touch and Tukima's Dance to your library.
  7557 | D:6      | Reached skill level 7 in Conjurations
  7681 | D:7      | Got an encrusted hand axe
  7682 | D:7      | Identified the +2 hand axe "Fecanoc" {freeze, rC+} (You
                  | found it on level 7 of the Dungeon)
  7990 | D:7      | Reached skill level 8 in Spellcasting
  8100 | D:7      | Found a glowing golden altar of the Shining One.
  8115 | D:7      | HP: 13/57 [centaur/arrow (8)]
  8119 | D:7      | Reached * piety under Vehumet
  8119 | D:7      | Offered knowledge of Sandblast by Vehumet.
  8358 | D:7      | Reached skill level 5 in Translocations
  9072 | D:8      | Reached skill level 5 in Hexes
  9117 | D:8      | Found a hide-covered altar of Uskayaw.
  9121 | D:8      | Noticed a +0 dagger
  9121 | D:8      | Noticed a +0 dagger
  9596 | D:8      | Reached skill level 6 in Translocations
  9605 | D:8      | Reached skill level 9 in Spellcasting
  9812 | D:8      | Reached XP level 10. HP: 63/63 MP: 12/23
  9817 | D:8      | Reached skill level 8 in Conjurations
  9826 | D:7      | HP: 13/63 [wyvern (4)]
 10086 | D:8      | Found a staircase to the Lair.
 10121 | D:8      | HP: 8/63 [centaur/arrow (11)]
 10126 | D:8      | HP: 7/63 [poisoned by a worker ant]
 10418 | D:7      | Learned a level 5 spell: Fireball
 10454 | D:8      | You pick up a book of Cantrips and begin reading...
 10454 | D:8      | You add the spells Animate Skeleton, Summon Small Mammal
                  | and Apportation to your library.
 10918 | D:8      | Found a bloodstained altar of Trog.
 10922 | D:8      | Reached skill level 1 in Fire Magic
 10926 | D:8      | Reached skill level 2 in Dodging
 11260 | D:8      | Reached skill level 1 in Armour
 11795 | D:9      | Offered knowledge of Freeze by Vehumet.
 12220 | D:9      | Noticed Erolcha
 12221 | D:9      | Noticed an ice statue
 12334 | D:9      | Reached ** piety under Vehumet
 12382 | D:9      | Found an ancient bone altar of Kikubaaqudgha.
 12444 | D:9      | Reached skill level 1 in Fighting
 12536 | D:9      | Reached skill level 1 in Shields
 12593 | D:9      | Reached skill level 2 in Fire Magic
 12823 | D:9      | HP: 14/65 [Erolcha/+0 giant spiked club (3)]
 12824 | D:9      | Killed Erolcha
 13186 | D:9      | Killed an ice statue
 13187 | D:9      | Reached skill level 10 in Spellcasting
 13332 | D:10     | Entered Level 10 of the Dungeon
 13422 | D:10     | Reached skill level 2 in Fighting
 13422 | D:10     | Reached skill level 2 in Armour
 13422 | D:10     | Gained mutation: When seriously injured, your bleeding
                  | wounds create armour. (AC +9) [demonic ancestry]
 13422 | D:10     | Reached XP level 11. HP: 61/72 MP: 7/25
 13687 | D:10     | Noticed a lindwurm
 13687 | D:10     | Noticed a lindwurm
 13692 | D:10     | Noticed a lindwurm
 13693 | D:10     | Noticed a lindwurm
 13694 | D:10     | Killed a lindwurm
 13695 | D:10     | Reached skill level 9 in Conjurations
 13702 | D:10     | Killed a lindwurm
 13703 | D:10     | Reached skill level 3 in Fire Magic
 13709 | D:10     | Killed a lindwurm
 13717 | D:10     | Killed a lindwurm
 13718 | D:10     | Reached skill level 3 in Dodging
 13718 | D:10     | Reached skill level 2 in Shields
 14040 | D:10     | Found the brooch of Shielding {Spirit SH+8}
 14058 | D:10     | You pick up a book of Power and begin reading...
 14058 | D:10     | You add the spells Iskenderun's Battlesphere, Bolt of
                  | Magma, Iron Shot, Orb of Destruction and Spellforged
                  | Servitor to your library.
 14091 | D:10     | Offered knowledge of Ignite Poison by Vehumet.
 14092 | D:10     | Noticed a white ugly thing
 14098 | D:10     | HP: 18/73 [white ugly thing (5)]
 14100 | D:10     | HP: 1/73 [white ugly thing (11)]
 14103 | D:10     | Killed a white ugly thing
 14590 | Lair:1   | Entered Level 1 of the Lair of Beasts
 14810 | Lair:1   | Reached *** piety under Vehumet
 14827 | Lair:1   | Reached skill level 6 in Hexes
 14828 | Lair:1   | Offered knowledge of Stone Arrow by Vehumet.
 14844 | Lair:1   | HP: 18/74 [poisoned by a killer bee]
 14850 | Lair:1   | HP: 17/74 [poisoned by a killer bee]
 14856 | Lair:1   | HP: 16/74 [poisoned by a killer bee]
 14864 | Lair:1   | HP: 16/74 [poisoned by a killer bee]
 15145 | Lair:1   | Noticed a six-headed hydra
 15151 | Lair:1   | Reached skill level 4 in Fire Magic
 15158 | Lair:1   | Killed a six-headed hydra
 15159 | Lair:1   | Reached skill level 3 in Fighting
 15402 | Lair:1   | Noticed a four-headed hydra
 15403 | Lair:1   | Reached skill level 3 in Armour
 15410 | Lair:1   | Killed a four-headed hydra
 15584 | Lair:1   | You pick up a book of Necromancy and begin reading...
 15584 | Lair:1   | You add the spells Pain, Vampiric Draining, Animate Dead
                  | and Agony to your library.
 15637 | Lair:1   | Got a pitted chain mail
 15644 | Lair:1   | Reached **** piety under Vehumet
 15976 | Lair:1   | Reached skill level 3 in Shields
 16215 | Lair:1   | Offered knowledge of Lightning Bolt by Vehumet.
 16716 | Lair:1   | Learned a level 5 spell: Lightning Bolt
 16853 | Lair:1   | Gained mutation: You are immune to freezing clouds.
                  | [demonic ancestry]
 16853 | Lair:1   | Reached XP level 12. HP: 81/81 MP: 22/26
 16855 | Lair:1   | Reached skill level 4 in Dodging
 16861 | Lair:1   | Reached skill level 1 in Air Magic
 16864 | Lair:1   | Reached skill level 10 in Conjurations
 16865 | Lair:1   | Reached skill level 5 in Fire Magic
 17105 | Lair:1   | Identified the +5 chain mail of the Past {*Corrode Will+
                  | Str+4} (You found it on level 1 of the Lair of Beasts)
 17223 | Lair:2   | Reached skill level 7 in Translocations
 17328 | Lair:2   | magus.rc [v1.9.10]
 17586 | Lair:2   | Reached skill level 2 in Air Magic
 17622 | Lair:2   | Noticed an eight-headed hydra
 17631 | Lair:2   | HP: 19/83 [eight-headed hydra (2)]
 17632 | Lair:2   | Killed an eight-headed hydra
 17979 | Lair:2   | Noticed an eight-headed hydra
 17983 | Lair:2   | Killed an eight-headed hydra
 17984 | Lair:2   | Reached skill level 4 in Fighting
 17984 | Lair:2   | Reached skill level 11 in Spellcasting
 18036 | Lair:2   | Found an ornate altar of the Wu Jian Council.
 18311 | Lair:3   | Found a staircase to the Shoals.
 18345 | Lair:3   | Reached ***** piety under Vehumet
 18346 | Lair:3   | Reached skill level 4 in Armour
 18346 | Lair:3   | Reached skill level 3 in Air Magic
 18659 | Lair:3   | Offered knowledge of Freezing Cloud by Vehumet.
 18772 | Lair:3   | Reached skill level 4 in Shields
 18818 | Lair:3   | You pick up a book of Death and begin reading...
 18818 | Lair:3   | You add the spells Corpse Rot, Sublimation of Blood, Dispel
                  | Undead and Excruciating Wounds to your library.
 18847 | Lair:3   | Reached skill level 6 in Fire Magic
 18991 | Lair:3   | HP: 18/84 [acid (10)]
 19687 | Lair:3   | Reached XP level 13. HP: 77/90 MP: 11/28
 19792 | Lair:3   | Found a staircase to the Snake Pit.
 20467 | Lair:4   | Learned a level 6 spell: Freezing Cloud
 20535 | Lair:4   | You pick up a book of Party Tricks and begin reading...
 20535 | Lair:4   | You add the spells Lesser Beckoning, Alistair's
                  | Intoxication and Invisibility to your library.
 20544 | Lair:4   | Noticed Nessos
 20550 | Lair:4   | Killed Nessos
 20551 | Lair:4   | Reached skill level 1 in Ice Magic
 20597 | Lair:4   | Reached skill level 5 in Dodging
 20597 | Lair:4   | Reached skill level 4 in Air Magic
 20919 | Lair:4   | Got a fine dire flail
 20973 | Lair:4   | You pick up a book of Air and begin reading...
 20973 | Lair:4   | You add the spells Shock, Swiftness, Static Discharge and
                  | Airstrike to your library.
 21346 | Lair:5   | Found a staircase to the Slime Pits.
 21715 | Lair:5   | Reached skill level 5 in Fighting
 21986 | Lair:5   | Reached skill level 11 in Conjurations
 22255 | Lair:5   | Reached skill level 2 in Ice Magic
 22533 | Lair:5   | Found a radiant altar of Vehumet.
 23078 | Lair:6   | Entered Level 6 of the Lair of Beasts
 23283 | Lair:6   | Reached skill level 7 in Fire Magic
 23401 | Lair:6   | Reached skill level 5 in Air Magic
 23413 | Lair:6   | Reached skill level 5 in Armour
 23909 | Lair:6   | Reached skill level 3 in Ice Magic
 24198 | Lair:6   | You pick up a book of Hexes and begin reading...
 24198 | Lair:6   | You add the spells Cause Fear, Yara's Violent Unravelling,
                  | Silence and Discord to your library.
 24275 | Lair:6   | Gained mutation: When seriously injured, your bleeding
                  | wounds create thick armour. (AC +9) [demonic ancestry]
 24275 | Lair:6   | Reached XP level 14. HP: 57/99 MP: 10/29
 24788 | Lair:6   | Reached skill level 12 in Spellcasting
 25047 | Lair:6   | Found a large runed translucent door.
 25100 | Lair:6   | Found a large runed translucent door.
 26130 | D:11     | Reached skill level 6 in Air Magic
 26548 | D:11     | Reached skill level 4 in Ice Magic
 26902 | D:11     | Found a staircase to the Orcish Mines.
 26912 | Orc:1    | Entered Level 1 of the Orcish Mines
 26916 | Orc:1    | Reached skill level 6 in Fighting
 26920 | Orc:1    | Reached skill level 6 in Dodging
 27086 | Orc:1    | Offered knowledge of Olgreb's Toxic Radiance by Vehumet.
 27094 | D:11     | Learned a level 4 spell: Olgreb's Toxic Radiance
 27956 | D:11     | You pick up a book of Flames and begin reading...
 28217 | Orc:1    | Found a runed translucent door.
 28220 | Orc:1    | Found a shimmering altar of Xom.
 28220 | Orc:1    | Noticed Urchasyax's ghost (novice FeSu)
 28448 | Orc:1    | Reached skill level 1 in Poison Magic
 28590 | Orc:1    | Killed Urchasyax's ghost
 28895 | Orc:2    | Entered Level 2 of the Orcish Mines
 29063 | Orc:2    | Found a roughly hewn altar of Beogh.
 29087 | Orc:1    | Found Muatoboh's Magic Scroll Boutique.
 29087 | Orc:1    | Noticed Urug
 29087 | Orc:1    | Noticed Erica
 29440 | Orc:2    | Noticed an orc warlord
 29532 | Orc:2    | HP: 23/100 [orc priest/divine providence (15)]
 29537 | Orc:2    | Killed an orc warlord
 29538 | Orc:2    | Reached skill level 2 in Poison Magic
 29894 | Orc:2    | Reached skill level 12 in Conjurations
 30004 | Orc:1    | Killed Urug
 30010 | Orc:2    | Killed Erica
 30252 | Orc:2    | Reached skill level 5 in Ice Magic
 30496 | Orc:1    | Reached skill level 7 in Air Magic
 30559 | Orc:1    | Reached skill level 3 in Poison Magic
 31867 | Orc:2    | Reached skill level 4 in Poison Magic
 31993 | Orc:2    | Found a staircase to the Elven Halls.
 32028 | Orc:2    | Found Jops's General Store.
 32028 | Orc:2    | Found Wev Gyxt's Armour Shop.
 32029 | Orc:2    | Found Qiapnano's Jewellery Emporium.
 32029 | Orc:2    | Found Ino Jaargh's Book Shop.
 32039 | Orc:2    | Bought the ring "Runaxt Koaca" {rElec rN+ Will+ Int+6} for
                  | 1152 gold pieces
 32290 | D:12     | Offered knowledge of Ozocubu's Refrigeration by Vehumet.
 32298 | D:12     | Learned a level 6 spell: Ozocubu's Refrigeration
 32342 | D:12     | Gained mutation: You are mostly covered in sharp spines.
                  | [demonic ancestry]
 32342 | D:12     | Reached XP level 15. HP: 107/107 MP: 16/31
 32556 | D:12     | Found a portal to a secret trove of treasure.
 32714 | D:12     | Noticed Nergalle
 32718 | D:12     | Killed Nergalle
 33330 | D:12     | Got a slimy robe
 33341 | D:12     | Identified the cursed +1 robe of Love and Death {rCorr}
                  | (You found it on level 12 of the Dungeon)
 33390 | D:12     | Reached skill level 6 in Ice Magic
 33560 | D:12     | You pick up a book of Maledictions and begin reading...
 33669 | D:12     | This trove needs 15 scrolls of teleportation to function.
                  | Give it the items?
 33669 | D:12     | You paid a toll of 15 scrolls of teleportation to enter a
                  | treasure trove
 33670 | Trove    | Entered a treasure trove
 33674 | Trove    | Identified Gloorx Vloq's Incunabulum of Toxic Black Arts
 33675 | Trove    | You add the spells Sting, Mephitic Cloud, Ignite Poison,
                  | Spider Form, Death Channel and Infestation to your library.
 33696 | Trove    | You pick up a book of Debilitation and begin reading...
 33696 | Trove    | You add the spells Slow, Portal Projectile and Leda's
                  | Liquefaction to your library.
 33703 | Trove    | You pick up a book of the Warp and begin reading...
 33703 | Trove    | You add the spells Gell's Gravitas, Dispersal and
                  | Disjunction to your library.
 33705 | Trove    | Identified Sif Muna's Collected Works on Confrontation and
                  | Ignition
 33706 | Trove    | You add the spells Hailstorm, Conjure Ball Lightning and
                  | Chain Lightning to your library.
 33716 | Trove    | Identified Sif Muna's Papyrus of the Toxic Glacier
 33717 | Trove    | You add the spells Freeze, Ozocubu's Armour, Ice Form and
                  | Eringya's Noxious Bog to your library.
 33719 | Trove    | Identified the Almanac of Creative Cold
 33720 | Trove    | You add the spells Call Imp, Summon Ice Beast and Metabolic
                  | Englaciation to your library.
 33723 | Trove    | Identified Sif Muna's Collected Works on the Compass and
                  | Arcane Weapons
 33724 | Trove    | You add the spells Stone Arrow, Teleport Other and
                  | Irradiate to your library.
 33738 | Trove    | You pick up a book of Unlife and begin reading...
 33738 | Trove    | You add the spells Borgnjor's Vile Clutch and Simulacrum to
                  | your library.
 33745 | Trove    | You pick up a book of Necromancy and begin reading...
 34639 | D:13     | Reached skill level 7 in Fighting
 34997 | D:13     | Reached skill level 8 in Air Magic
 34997 | D:13     | Reached skill level 5 in Poison Magic
 35423 | D:13     | Reached skill level 7 in Dodging
 35618 | D:13     | Found a gate to the Vaults.
 35621 | D:13     | Reached skill level 13 in Spellcasting
 35654 | D:13     | Got a crude spear
 35658 | D:13     | You pick up a book of Geomancy and begin reading...
 35658 | D:13     | You add the spells Sandblast, Passwall, Petrify and Lee's
                  | Rapid Deconstruction to your library.
 35738 | D:13     | Identified the +5 spear "Icafeaneo" {speed, Str+4} (You
                  | found it on level 13 of the Dungeon)
 35752 | D:14     | Found a gate leading to a gauntlet.
 35806 | Gauntlet | Entered a Gauntlet
 35806 | Gauntlet | Found a transporter.
 35806 | Gauntlet | Found a transporter.
 35807 | Gauntlet | Found a transporter.
 35810 | Gauntlet | Found a transporter.
 35811 | Gauntlet | Found a transporter.
 35820 | Gauntlet | Found a transporter.
 35822 | Gauntlet | Found a transporter.
 35830 | Gauntlet | Found a transporter.
 35878 | Gauntlet | Found a transporter.
 35895 | Gauntlet | Found a transporter.
 35920 | Gauntlet | Found a transporter.
 35994 | Gauntlet | Found a transporter.
 36170 | Gauntlet | Got a pair of pitted gloves
 36306 | Gauntlet | Reached skill level 7 in Ice Magic
 36326 | Gauntlet | Got a transparent great sword
 36348 | D:14     | You fall into a shaft and drop 1 floor!
 36348 | D:15     | Entered Level 15 of the Dungeon
 36431 | D:15     | Reached skill level 6 in Poison Magic
 36776 | D:14     | Identified the cursed +2 flail "Huqoo" {venom, Str+5}
 36794 | D:14     | Found the +6 shillelagh "Devastator" {shatter}
 36795 | D:14     | Reached ****** piety under Vehumet
 36795 | D:14     | Offered knowledge of Starburst by Vehumet.
 36807 | D:14     | Found Wyfupain's Antique Armour Boutique.
 36825 | D:14     | Identified the +1 pair of gloves "Uple" {+Blink} (You found
                  | it in a Gauntlet)
 37112 | D:14     | You pick up a book of Geomancy and begin reading...
 38123 | D:15     | Reached skill level 1 in Evocations
 38206 | D:15     | Reached skill level 8 in Ice Magic
 38212 | D:15     | Reached XP level 16. HP: 47/116 MP: 4/33
 38224 | D:15     | Reached skill level 8 in Fighting
 38627 | D:15     | Found a staircase to the Depths.
 38727 | D:15     | Reached skill level 2 in Evocations
 38818 | D:15     | Learned a level 3 spell: Ignite Poison
 39505 | D:15     | Reached skill level 1 in Staves
 39506 | D:15     | Reached skill level 8 in Dodging
 40192 | Lair:2   | magus.rc [v1.9.10]
 40235 | Shoals:1 | Entered Level 1 of the Shoals
 40846 | Shoals:1 | Reached skill level 3 in Evocations
 40975 | Shoals:1 | Noticed Kirke
 40976 | Shoals:1 | Noticed a sphinx
 40982 | Shoals:1 | Offered knowledge of Starburst by Vehumet.
 40983 | Shoals:1 | Killed Kirke
 40984 | Shoals:1 | Reached skill level 14 in Spellcasting
 41402 | Shoals:1 | Reached skill level 2 in Staves
 41560 | Shoals:1 | Noticed a kraken
 41564 | Shoals:1 | Killed a kraken
 41565 | Shoals:1 | Reached skill level 9 in Ice Magic
 42034 | Shoals:2 | Noticed Ilsuiw
 42039 | Shoals:2 | Killed Ilsuiw
 42434 | Shoals:2 | Found Doilips's General Store.
 42564 | Shoals:2 | You pick up a book of Maledictions and begin reading...
 42686 | Shoals:2 | Reached skill level 4 in Evocations
 42966 | Shoals:2 | Reached skill level 3 in Staves
 43190 | Shoals:2 | Noticed Louise
 43196 | Shoals:2 | Killed Louise
 43198 | Shoals:2 | a +0 eveningstar of holy wrath {rare}; a +0 plate armour; a
                  | +0 tower shield
 43634 | Shoals:3 | Reached skill level 9 in Fighting
 44207 | Shoals:3 | Noticed Polyphemus
 44230 | Shoals:3 | HP: 15/120 [Polyphemus (16)]
 44235 | Shoals:3 | HP: 20/120 [Polyphemus (12)]
 44235 | Shoals:3 | Slain by Polyphemus

Vanquished Creatures
  A kraken (Shoals:1)
  Kirke (Shoals:1)
  Ilsuiw (Shoals:2)
  Louise (Shoals:2)
  An orc warlord (Orc:2)
  A stone giant (D:14)
  Nessos (Lair:4)
  A minotaur (Gauntlet)
  An ettin (D:15)
  2 fire dragons
  3 merfolk javelineers
  3 merfolk impalers
  9 hydras
  5 ogre magi
  Erolcha (D:9)
  A yaktaur captain (D:15)
  2 vault guards (D:13)
  2 catoblepae
  4 boulder beetles
  2 merfolk avatars
  5 centaur warriors
  Erica (Orc:2)
  A merfolk aquamancer (Shoals:2)
  17 two-headed ogres
  2 tengu warriors
  A dancing weapon (Orc:1)
  Urug (Orc:1)
  Nergalle (D:12)
  A hell knight (D:15)
  A death drake (Gauntlet)
  4 unseen horrors
  3 harpies (Shoals:1)
  3 sea snakes
  A wizard (D:14)
  An orc knight (Orc:1)
  A deep elf archer (D:15)
  6 lindwurms
  A mana viper (shapeshifter) (D:15)
  2 orc sorcerers
  3 necromancers (D:13)
  2 deep elf magi
  4 oklob plants (Lair:3)
  15 ugly things
  5 manticores
  6 cyclopes
  5 elephants (Lair:5)
  A spectral centaur (Gauntlet)
  9 fauns
  An ice statue (D:9)
  3 molten gargoyles
  8 black mambas
  A black mamba (shapeshifter) (D:15)
  11 merfolk sirens
  A gargoyle (Gauntlet)
  A water nymph (Shoals:1)
  12 cane toads
  The ghost of Urchasyax the Summoner, a novice FeSu of Dithmenos (Orc:1)
  A freezing wraith (D:15)
  3 rime drakes
  6 kobold demonologists
  12 komodo dragons
  5 trolls
  A guardian mummy (D:12)
  23 merfolk
  A harpy zombie (D:15)
  6 snapping turtles
  3 hornets
  3 wind drakes
  A meliai zombie (D:14)
  26 blink frogs
  5 slime creatures
  4 dream sheep (Shoals:2)
  A shadow (D:15)
  2 wraiths
  13 wyverns
  12 spriggans (Lair:1)
  3 water elementals (Shoals:2)
  4 hogs (Shoals:1)
  10 basilisks
  29 yaks
  20 humans (D:13)
  3 steam dragons
  4 nagas (Lair:3)
  3 vampire mosquitoes (D:15)
  2 wargs
  4 hell hounds (Lair:6)
  2 acid dragons
  14 water moccasins
  24 orc warriors
  5 ice beasts
  8 black bears
  5 sky beasts
  A hornet zombie (D:15)
  31 ogres
  A phantom (D:12)
  3 necrophages
  A wolf (D:8)
  24 centaurs
  A big kobold (D:15)
  19 bullfrogs
  A gnoll sergeant (D:8)
  4 water moccasin zombies (Ossuary)
  3 scorpions
  A water moccasin skeleton (D:9)
  55 killer bees
  8 wights
  2 electric eels (Lair:1)
  4 howler monkeys
  A crimson imp (D:7)
  4 centaur zombies
  6 centaur skeletons
  5 lava snakes (Lair:6)
  A quasit (D:9)
  2 bullfrog zombies
  7 jellies
  2 bullfrog skeletons
  15 orc priests
  6 hounds
  Crazy Yiuf (D:4)
  Ijyb (D:3)
  20 orc wizards
  7 hell rats (Lair:5)
  3 iguanas
  8 worker ants
  4 big kobold zombies (Ossuary)
  A hound zombie (D:3)
  2 mummies (Ossuary)
  Robin (D:3)
  A howler monkey zombie (D:3)
  A worker ant zombie (D:11)
  11 gnolls
  9 adders
  2 shadow imps
  2 white imps
  An ufetubus (D:7)
  An adder skeleton (D:3)
  9 adder zombies
  A worm (D:3)
  4 dart slugs
  5 leopard geckos
  76 orcs
  6 bats
  4 gnoll zombies (Ossuary)
  13 goblins
  5 hobgoblins
  8 kobolds
  A quokka (D:3)
  3 ball pythons
  3 frilled lizards
  A goblin skeleton (D:7)
  A goblin zombie (D:7)
  5 hobgoblin zombies
  2 jackal zombies
  2 kobold skeletons (D:7)
  4 kobold zombies
  An orc skeleton (D:7)
  5 orc zombies (Ossuary)
  2 rats
  3 tentacles (Shoals:1)
901 creatures vanquished.

Vanquished Creatures (collateral kills)
  An orc (Orc:2)
1 creature vanquished.

Vanquished Creatures (others)
  A molten gargoyle (Gauntlet)
  A rime drake (Lair:6)
  A blink frog (Lair:6)
  A warg (Orc:1)
  An orc warrior (Orc:1)
  A bush (Lair:6)
  21 fulminant prisms
  29 fungi
  106 plants
  A tentacle (Shoals:1)
  4 withered plants
167 creatures vanquished.

Grand Total: 1069 creatures vanquished

Table legend:
 A = Non-vault XP
 B = Vault XP
 C = Vault XP percentage of total XP
 D = Non-vault monster count
 E = Vault monster count
 F = Vault count percentage of total count
                 A         B        C        D         E       F
            +---------+---------+-------+---------+---------+-------
      Total |  121614 |   93087 |  43.4 |     568 |     334 |  37.0
            +---------+---------+-------+---------+---------+-------
        D:1 |      17 |       0 |   0.0 |       8 |       0 |   0.0
        D:2 |     160 |       0 |   0.0 |      13 |       0 |   0.0
        D:3 |      78 |     172 |  68.8 |      19 |      17 |  47.2
        D:4 |     135 |      39 |  22.4 |       6 |       1 |  14.3
        D:5 |     797 |       0 |   0.0 |      12 |       0 |   0.0
        D:6 |    1240 |       0 |   0.0 |      17 |       0 |   0.0
        D:7 |     847 |     288 |  25.4 |      13 |      11 |  45.8
        D:8 |    1571 |    2172 |  58.0 |      25 |      24 |  49.0
        D:9 |    1008 |    1487 |  59.6 |      16 |       2 |  11.1
       D:10 |    1813 |    2539 |  58.3 |      20 |       4 |  16.7
       D:11 |    5200 |     661 |  11.3 |      46 |      14 |  23.3
       D:12 |    6093 |    1125 |  15.6 |      36 |       2 |   5.3
       D:13 |    8810 |    7764 |  46.8 |      19 |      25 |  56.8
       D:14 |    4408 |    6158 |  58.3 |      15 |       7 |  31.8
       D:15 |   14208 |   13094 |  48.0 |      41 |      20 |  32.8
     Lair:1 |    4498 |    5744 |  56.1 |      14 |      61 |  81.3
     Lair:2 |    4955 |       0 |   0.0 |      12 |       0 |   0.0
     Lair:3 |    3042 |    5173 |  63.0 |      11 |      14 |  56.0
     Lair:4 |    3820 |    1325 |  25.8 |      12 |       1 |   7.7
     Lair:5 |    7380 |     632 |   7.9 |      24 |      11 |  31.4
     Lair:6 |    9528 |    8748 |  47.9 |      36 |      28 |  43.8
   Shoals:1 |   12835 |    6483 |  33.6 |      24 |      12 |  33.3
   Shoals:2 |   13785 |    6040 |  30.5 |      31 |       6 |  16.2
   Shoals:3 |    6297 |       0 |   0.0 |      14 |       0 |   0.0
      Orc:1 |    4051 |    2095 |  34.1 |      49 |       3 |   5.8
      Orc:2 |    5038 |   15745 |  75.8 |      35 |      32 |  47.8
    Ossuary |       0 |     505 | 100.0 |       0 |      31 | 100.0
   Gauntlet |       0 |    5098 | 100.0 |       0 |       8 | 100.0
            +---------+---------+-------+---------+---------+-------

Illustrated notes

Table legend:
 A = Kills in this place as a percentage of kills in entire the game.
 B = Kills by you in this place as a percentage of kills by you in the entire game.
 C = Kills by friends in this place as a percentage of kills by friends in the entire game.
 D = Other kills in this place as a percentage of other kills in the entire game.
 E = Experience gained in this place as a percentage of experience gained in the entire game.
 F = Experience gained in this place divided by the number of levels of this place that you have seen.
                   A       B       C       D       E      F
               +-------+-------+-------+-------+-------+----------------------
         Total | 100.0 | 100.0 | 100.0 | 100.0 | 100.0 | 7156.7
       Dungeon |  48.0 |  48.2 |   0.0 |   0.0 |  38.1 | 5458.9
          Lair |  24.8 |  24.9 |   0.0 |   0.0 |  25.5 | 9140.8
        Shoals |   9.6 |   9.7 |   0.0 |   0.0 |  21.2 | 15146.7
  Orcish Mines |  13.2 |  12.9 | 100.0 |  66.7 |  12.5 | 13464.5
       Ossuary |   3.4 |   3.5 |   0.0 |   0.0 |   0.2 | 505.0
      Gauntlet |   0.9 |   0.8 |   0.0 |  33.3 |   2.4 | 5098.0
               +-------+-------+-------+-------+-------+----------------------

Table legend: (Time is in decaauts)
 A = Elapsed time spent in this place.
 B = Non-inter-level travel time spent in this place.
 C = Inter-level travel time spent in this place.
 D = Time resting spent in this place.
 E = Time spent auto-exploring this place.
 F = Levels seen in this place.
 G = Mean time per level.
                   A        B        C        D        E       F      G
               +--------+--------+--------+--------+--------+-----+--------+
         Total |  44566 |  42630 |   1936 |    776 |  36480 |  30 | 1485.5 |
       Dungeon |  23150 |  21939 |   1211 |    101 |  19179 |  15 | 1543.3 |
        Temple |    252 |    236 |     16 |      0 |    226 |   1 |  252.0 |
          Lair |  11566 |  10995 |    571 |    402 |   9344 |   6 | 1927.7 |
        Shoals |   4102 |   4054 |     48 |     11 |   3505 |   3 | 1367.3 |
  Orcish Mines |   4203 |   4115 |     88 |    262 |   3226 |   2 | 2101.5 |
         Trove |     86 |     86 |      0 |      0 |     64 |   1 |   86.0 |
       Ossuary |    678 |    678 |      0 |      0 |    611 |   1 |  678.0 |
      Gauntlet |    526 |    526 |      0 |      0 |    324 |   1 |  526.0 |
               +--------+--------+--------+--------+--------+-----+--------+

Top non-repeatable levels by time:
   Orc:2: 2754 daAuts
  Lair:6: 2619 daAuts
  Lair:1: 2607 daAuts
     D:8: 2555 daAuts
    D:15: 2338 daAuts
    D:11: 2262 daAuts
  Lair:3: 2139 daAuts
     D:7: 2118 daAuts
  Lair:5: 2007 daAuts
    D:12: 1879 daAuts
Shoals:1: 1740 daAuts
Shoals:2: 1713 daAuts
     D:3: 1579 daAuts
   Orc:1: 1448 daAuts
    D:14: 1442 daAuts
